 Dungeon Crawl Stone Soup version 0.19-a0-944-gb338e1e (webtiles) character file.

75 George the Slasher (level 4, 0/33 HPs)
             Began as a Demonspawn Gladiator on July 9, 2016.
             Slain by a worker ant zombie (4 damage)
             ... on level 2 of the Dungeon.
             The game lasted 00:03:07 (1487 turns).

George the Slasher (Demonspawn Gladiator)           Turns: 1487, Time: 00:03:08

Health: 0/33       AC:  9    Str: 16    XL:     4   Next: 11%
Magic:  4/4        EV:  7    Int:  9    God:
Gold:   112        SH:  0    Dex: 14    Spells: 0 memorised, 3 levels left

rFire  + . .     SeeInvis .     a - +0 long sword
rCold  . . .     Gourm    .     k - +0 chain mail
rNeg   . . .     Faith    .     (no shield)
rPois  .         Spirit   .     c - +0 helmet
rElec  .         Dismiss  .     (no cloak)
rCorr  .         Reflect  .     (no gloves)
SustAt .         Harm     .     (no boots)
MR     .....                    (no amulet)
Stlth  ..........               (no ring)
                                (no ring)

@: lethally poisoned (0 -> -3), not resistant to hostile enchantments, extremely
unstealthy
A: talons 2, fire resistance 1
a: no special abilities


You were on level 2 of the Dungeon.
You were not hungry.

You visited 1 branch of the dungeon, and saw 2 of its levels.

You collected 112 gold pieces.

Inventory:

Hand Weapons
 a - a +0 long sword (weapon)
Missiles
 d - 3 throwing nets (quivered)
Armour
 c - a +0 helmet (worn)
 k - a +0 chain mail (worn)
Scrolls
 g - a scroll of immolation {unknown}
 h - 2 scrolls of identify {unknown}
 i - a scroll of teleportation {unknown}
 m - 2 scrolls of magic mapping {unknown}
Potions
 j - a potion of mutation {unknown}
 o - a potion of curing {unknown}
 p - a potion of resistance {unknown}
Comestibles
 f - a bread ration
 l - 2 chunks of flesh
 n - a slice of pizza
 q - a royal jelly


   Skills:
 - Level 2.0 Fighting
 + Level 4.5 Long Blades
 - Level 1.7 Throwing
 - Level 2.6 Dodging


You had 3 spell levels left.
You didn't know any spells.

Dungeon Overview and Level Annotations

Branches:
Dungeon (2/15)

Altars:


Innate Abilities, Weirdness & Mutations

You have razor-sharp toenails.
Your flesh is heat resistant. (rF+)


Message History

You feel resistant to heat.
You feel sick. The rat bites you but does no damage.
The worker ant zombie closely misses you.
You slash the rat!
You kill the rat!
The worker ant zombie bites you.
Your chain mail prevents you from hitting the worker ant zombie.
You feel sick.
The worker ant zombie bites you but does no damage.
You hit the worker ant zombie. Your kick misses the worker ant zombie.
The worker ant zombie bites you.
* * * LOW HITPOINT WARNING * * *
You hit the worker ant zombie but do no damage.
You claw the worker ant zombie.
You feel sick. The worker ant zombie bites you.
* * * LOW HITPOINT WARNING * * *
You hit the worker ant zombie.
You claw the worker ant zombie, but do no damage.
The worker ant zombie bites you but does no damage.
The worker ant zombie bites you.
You die...

#......... #.........
####### #.......!.
#.....############.........
...........................
..........PP..P............
##########.≈≈≈≈............
#.........≈≈≈≈≈≈Z†.........
...........≈≈≈≈.@...(######
...........≈≈.≈......#
#....................#
#....................#
.#...§...........##+##
#................##.########
#....§§§§..###..###........)
§.§.§§§....# ##.###.........
.§§§§§§....# #..##.........


You could see a worker ant zombie.

Vanquished Creatures
  A gnoll (D:1)
  2 adders (D:2)
  3 adder zombies (D:2)
  An adder skeleton (D:2)
  A dart slug (D:1)
  2 giant cockroaches
  4 goblins
  5 hobgoblins
  A quokka (D:2)
  A ball python (D:1)
  A ball python zombie (D:2)
  3 bats
  A giant cockroach zombie (D:2)
  2 giant newts
  A jackal zombie (D:2)
  2 kobolds (D:1)
  3 rats
34 creatures vanquished.

Notes
Turn   | Place    | Note
-------+----------+-------------------------------------------
     0 | D:1      | George the Demonspawn Gladiator began the quest for the Orb.
     0 | D:1      | Reached XP level 1. HP: 16/16 MP: 1/1
   269 | D:1      | Reached skill level 3 in Long Blades
   471 | D:1      | Gained mutation: You have sharp toenails. [demonic ancestry]
   471 | D:1      | Reached XP level 2. HP: 22/22 MP: 2/2
  1083 | D:2      | Gained mutation: You have razor-sharp toenails. [demonic ancestry]
  1083 | D:2      | Reached XP level 3. HP: 22/27 MP: 3/3
  1219 | D:2      | Reached skill level 4 in Long Blades
  1482 | D:2      | Gained mutation: Your flesh is heat resistant. (rF+) [demonic ancestry]
  1482 | D:2      | Reached XP level 4. HP: 12/33 MP: 4/4
  1487 | D:2      | Slain by a worker ant zombie

Vault maps used:
D:1:      dpeg_arrival_water_fire
D:2:      serial_undead, serial_undead_c, serial_undead_d, serial_undead_e,
          serial_undead_d, serial_undead_e, serial_undead_b, serial_undead_f,
          serial_undead_f, grunt_decor_mini_mirrors

Skill      XL: |  1  2  3 |
---------------+----------+-----
Long Blades    | 3 4 |  4.5
Fighting       | |  2.0
Throwing       | |  1.7
Dodging        | |  2.6

Action                   |  1- 3 |  4- 6 || total
-------------------------+-------+-------++-------
Melee: Long sword        |   136 |     5 ||   141
       Kick              |    26 |     2 ||    28
  Eat: Chunk             |     2 |       ||     2
Armor: Leather armour    |     4 |       ||     4
       Chain mail        |    73 |     3 ||    76
Dodge: Dodged            |    54 |     1 ||    55
